[ AOE2 MATCH · #477586810 ]
Team RMChinese vs Wu
[ REPLAY ANALYSIS · EXTRACTED FROM THE RECORDED GAME ]
Feudal
16:56
Castle
—
Imperial
—
| APM avg | 11.0 |
| APM peak | 52 |
| eAPM avg | 3.8 |
| Villagers / military | 22 / 0 |
Focus
⚔️ 6.5% · 🌾 93.5%
Fishing Ship ×5
Feudal
11:31
Castle
16:21
Imperial
—
| APM avg | 21.7 |
| APM peak | 59 |
| eAPM avg | 8.8 |
| Villagers / military | 39 / 0 |
Focus
⚔️ 17.7% · 🌾 82.3%
Unknown (1974) ×20 · Fishing Ship ×7
Feudal
11:39
Castle
19:11
Imperial
—
| APM avg | 26.5 |
| APM peak | 54 |
| eAPM avg | 12.2 |
| Villagers / military | 54 / 11 |
Focus
⚔️ 17.1% · 🌾 82.9%
Fishing Ship ×18 · Archer ×9 · Unknown (2626) ×3 · Galley ×2
Feudal
13:32
Castle
—
Imperial
—
| APM avg | 26.9 |
| APM peak | 49 |
| eAPM avg | 6.2 |
| Villagers / military | 26 / 2 |
Focus
⚔️ 14.6% · 🌾 85.4%
Galley ×2 · Fishing Ship ×2 · Unknown (2626) ×1
Match map
Initial resources + every placement click. Lines = walls · curves = elevation contours. ◆ gold · ⬟ stone · ● berries · ✦ relic · ◌ wall gap
Your base· ✓ Map-separated
FreakinFlavio's base· ✓ Map-separated
Cunctator's base· ✓ Map-separated
l3sZ's base· ✓ Map-separated
Smoothed initial terrain · ◌ = detected wall gap · hover for details
Inputs per minute
— LANPA - - FreakinFlavio
Build order — LANPA
42 actions detected in the replay
| 0:20 | Research | Loom |
| 1:04 | Build | House |
| 1:46 | Build | House |
| 2:18 | Create | Villager (Male) |
| 3:46 | Build | Mill |
| 3:51 | Build | House |
| 3:53 | Create | Villager (Male) |
| 3:53 | Create | Villager (Male) |
| 5:00 | Build | Farm |
| 5:02 | Create | Villager (Male) |
| 7:01 | Create | Villager (Male) |
| 7:01 | Create | Villager (Male) |
| 7:49 | Build | Dock |
| 10:01 | Create | Villager (Male) |
| 10:01 | Create | Villager (Male) |
| 10:05 | Create | Fishing Ship |
| 10:05 | Create | Fishing Ship |
| 10:05 | Create | Fishing Ship |
| 11:08 | Build | Farm |
| 11:20 | Create | Villager (Male) |
| 11:21 | Create | Villager (Male) |
| 11:21 | Create | Villager (Male) |
| 11:31 | Create | Fishing Ship |
| 13:31 | Build | Farm |
| 14:46 | Research | Feudal Age |
| 14:49 | Create | Villager (Male) |
| 14:49 | Create | Villager (Male) |
| 14:50 | Create | Villager (Male) |
| 15:50 | Create | Fishing Ship |
| 16:56 | Age | Feudal Age |
| 17:09 | Research | Wheelbarrow |
| 17:11 | Research | Town Watch |
| 17:56 | Create | Villager (Male) |
| 17:56 | Create | Villager (Male) |
| 17:56 | Create | Villager (Male) |
| 17:57 | Create | Villager (Male) |
| 17:57 | Create | Villager (Male) |
| 19:26 | Create | Villager (Male) |
| 19:26 | Create | Villager (Male) |
| 19:26 | Create | Villager (Male) |
| 20:25 | Research | Horse Collar |
| 21:19 | Build | Watch Tower |
Build order — FreakinFlavio
98 actions detected in the replay
| 0:04 | Build | House |
| 0:05 | Create | Villager (Male) |
| 0:06 | Create | Villager (Male) |
| 0:06 | Create | Villager (Male) |
| 0:09 | Build | House |
| 0:13 | Create | Villager (Male) |
| 0:13 | Create | Villager (Male) |
| 0:14 | Research | Loom |
| 2:02 | Create | Villager (Male) |
| 2:02 | Create | Villager (Male) |
| 2:02 | Create | Villager (Male) |
| 2:16 | Build | Lumber Camp |
| 2:17 | Create | Villager (Male) |
| 2:17 | Create | Villager (Male) |
| 2:54 | Create | Villager (Male) |
| 4:20 | Create | Villager (Male) |
| 4:20 | Create | Villager (Male) |
| 4:20 | Create | Villager (Male) |
| 4:45 | Create | Villager (Male) |
| 4:45 | Create | Villager (Male) |
| 5:02 | Build | Mill |
| 5:08 | Create | Villager (Male) |
| 5:08 | Create | Villager (Male) |
| 5:50 | Create | Villager (Male) |
| 5:50 | Create | Villager (Male) |
| 6:03 | Build | Dock |
| 6:06 | Create | Villager (Male) |
| 6:06 | Create | Villager (Male) |
| 6:16 | Build | House |
| 6:17 | Build | House |
| 7:05 | Create | Villager (Male) |
| 7:06 | Create | Villager (Male) |
| 7:06 | Create | Villager (Male) |
| 7:06 | Create | Villager (Male) |
| 7:11 | Create | Fishing Ship |
| 7:12 | Create | Fishing Ship |
| 7:26 | Build | House |
| 7:28 | Build | House |
| 7:34 | Create | Villager (Male) |
| 8:10 | Create | Fishing Ship |
| 8:10 | Create | Fishing Ship |
| 9:02 | Build | Mining Camp |
| 9:21 | Research | Feudal Age |
| 9:42 | Create | Fishing Ship |
| 9:45 | Create | Fishing Ship |
| 10:18 | Build | Mill |
| 11:26 | Create | Fishing Ship |
| 11:31 | Age | Feudal Age |
| 11:34 | Research | Wheelbarrow |
| 11:37 | Research | Double-Bit Axe |
| 12:04 | Build | Market |
| 12:47 | Build | Blacksmith |
| 13:41 | Research | Castle Age |
| 14:20 | Build | Farm |
| 14:20 | Build | Farm |
| 14:23 | Build | Farm |
| 14:25 | Research | Horse Collar |
| 15:09 | Build | Barracks |
| 15:51 | Research | Scale Mail Armor |
| 15:51 | Research | Forging |
| 15:58 | Build | Barracks |
| 16:01 | Research | Arson |
| 16:15 | Research | Town Watch |
| 16:20 | Research | Gold Mining |
| 16:21 | Age | Castle Age |
| 16:31 | Build | Farm |
| 16:42 | Create | Villager (Male) |
| 16:42 | Create | Villager (Male) |
| 16:52 | Build | Mill |
| 16:59 | Create | Unit 1974 ×4 |
| 17:03 | Research | Squires |
| 17:16 | Create | Villager (Male) |
| 17:22 | Create | Villager (Male) |
| 17:52 | Create | Villager (Male) |
| 17:57 | Create | Unit 1974 |
| 17:58 | Create | Unit 1974 |
| 18:04 | Build | Barracks |
| 18:13 | Create | Villager (Male) |
| 18:17 | Build | Farm |
| 18:26 | Build | Farm |
| 18:41 | Create | Unit 1974 ×2 |
| 18:50 | Build | House |
| 18:53 | Build | House |
| 18:54 | Build | House |
| 19:41 | Create | Unit 1974 ×4 |
| 19:42 | Create | Unit 1974 ×4 |
| 20:18 | Create | Unit 1974 ×2 |
| 20:18 | Create | Unit 1974 ×2 |
| 20:53 | Build | Siege Workshop |
| 20:56 | Build | Siege Workshop |
| 21:26 | Create | Villager (Male) |
| 21:27 | Create | Villager (Male) |
| 21:27 | Create | Villager (Male) |
| 21:57 | Research | Chain Mail Armor |
| 21:58 | Research | Iron Casting |
| 22:02 | Create | Villager (Male) |
| 22:08 | Create | Villager (Male) |
| 22:09 | Create | Villager (Male) |
Build order — Cunctator
126 actions detected in the replay
| 0:03 | Build | House |
| 0:06 | Build | House |
| 0:08 | Create | Villager (Male) |
| 0:08 | Create | Villager (Male) |
| 0:12 | Create | Villager (Male) |
| 0:24 | Create | Villager (Male) |
| 0:24 | Create | Villager (Male) |
| 1:27 | Create | Villager (Male) |
| 1:27 | Create | Villager (Male) |
| 2:04 | Create | Villager (Male) |
| 2:04 | Create | Villager (Male) |
| 2:16 | Build | Lumber Camp |
| 2:19 | Create | Villager (Male) |
| 2:20 | Create | Villager (Male) |
| 2:48 | Create | Villager (Male) |
| 2:48 | Create | Villager (Male) |
| 3:01 | Create | Villager (Male) |
| 3:01 | Create | Villager (Male) |
| 3:33 | Create | Villager (Male) |
| 3:34 | Create | Villager (Male) |
| 3:50 | Create | Villager (Male) |
| 3:50 | Create | Villager (Male) |
| 4:24 | Create | Villager (Male) |
| 4:24 | Create | Villager (Male) |
| 4:49 | Build | House |
| 5:07 | Create | Villager (Male) |
| 5:07 | Create | Villager (Male) |
| 5:11 | Build | Dock |
| 5:13 | Create | Villager (Male) |
| 5:13 | Create | Villager (Male) |
| 6:08 | Create | Fishing Ship |
| 6:08 | Create | Fishing Ship |
| 6:50 | Build | House |
| 6:52 | Build | House |
| 7:01 | Create | Villager (Male) |
| 7:06 | Create | Fishing Ship |
| 7:16 | Create | Villager (Male) |
| 7:29 | Create | Villager (Male) |
| 7:29 | Create | Villager (Male) |
| 7:33 | Build | House |
| 7:44 | Create | Villager (Male) |
| 7:47 | Create | Fishing Ship |
| 7:48 | Create | Villager (Male) |
| 7:51 | Build | House |
| 7:55 | Build | House |
| 7:58 | Build | Palisade Wall |
| 8:05 | Create | Fishing Ship |
| 8:39 | Research | Loom |
| 8:50 | Create | Fishing Ship |
| 9:29 | Research | Feudal Age |
| 9:37 | Create | Fishing Ship |
| 9:53 | Build | Mill |
| 9:58 | Build | Mining Camp |
| 10:57 | Build | Dock |
| 11:14 | Create | Villager (Male) |
| 11:39 | Age | Feudal Age |
| 11:41 | Research | Double-Bit Axe |
| 11:44 | Research | Tech 906 |
| 11:47 | Create | Unit 2626 |
| 11:53 | Create | Galley |
| 11:55 | Create | Villager (Male) |
| 11:56 | Create | Villager (Male) |
| 12:14 | Create | Unit 2626 |
| 12:18 | Create | Galley |
| 12:19 | Create | Villager (Male) |
| 12:19 | Create | Villager (Male) |
| 12:29 | Create | Villager (Male) |
| 12:38 | Create | Villager (Male) |
| 13:26 | Create | Unit 2626 |
| 13:28 | Create | Villager (Male) |
| 13:42 | Create | Villager (Male) |
| 13:48 | Build | Barracks |
| 13:54 | Create | Villager (Male) |
| 14:21 | Create | Villager (Male) |
| 14:40 | Create | Villager (Male) |
| 14:57 | Create | Villager (Male) |
| 15:07 | Build | Archery Range |
| 15:13 | Build | Blacksmith |
| 15:21 | Create | Fishing Ship |
| 15:21 | Create | Fishing Ship |
| 16:10 | Create | Villager (Male) |
| 16:25 | Build | House |
| 16:27 | Create | Fishing Ship |
| 16:29 | Research | Castle Age |
| 16:37 | Build | Mining Camp |
| 17:08 | Research | Town Watch |
| 17:10 | Research | Wheelbarrow |
| 17:30 | Create | Archer |
| 17:30 | Create | Archer |
| 17:33 | Research | Fletching |
| 18:06 | Research | Stone Mining |
| 18:09 | Create | Archer |
| 18:10 | Create | Archer |
| 18:12 | Research | Padded Archer Armor |
| 18:13 | Create | Villager (Male) |
| 18:21 | Build | Dock |
| 18:25 | Research | Gold Mining |
| 18:25 | Create | Villager (Male) |
| 18:43 | Create | Fishing Ship |
| 18:43 | Create | Fishing Ship |
| 18:52 | Create | Archer |
| 18:52 | Create | Villager (Male) |
| 19:11 | Age | Castle Age |
| 19:19 | Research | Gillnets |
| 19:24 | Research | War Galley (upgrade) |
| 19:26 | Create | Villager (Male) |
| 19:30 | Create | Fishing Ship |
| 19:31 | Create | Fishing Ship |
| 19:33 | Create | Villager (Male) |
| 19:37 | Create | Archer |
| 19:45 | Build | Town Center |
| 20:03 | Build | House |
| 20:04 | Build | House |
| 20:06 | Create | Villager (Male) |
| 20:29 | Create | Archer |
| 20:32 | Create | Villager (Male) |
| 21:04 | Research | Crossbowman (upgrade) |
| 21:05 | Create | Archer |
| 21:13 | Create | Fishing Ship |
| 21:21 | Create | Fishing Ship |
| 21:26 | Create | Fishing Ship |
| 21:30 | Create | Fishing Ship |
| 21:32 | Create | Villager (Male) |
| 21:32 | Create | Villager (Male) |
| 21:40 | Create | Archer |
| 21:44 | Research | Bodkin Arrow |
Build order — l3sZ
44 actions detected in the replay
| 0:37 | Create | Villager (Male) |
| 0:38 | Create | Villager (Male) |
| 0:39 | Create | Villager (Male) |
| 2:19 | Create | Villager (Male) |
| 2:19 | Create | Villager (Male) |
| 2:21 | Research | Loom |
| 3:22 | Build | Mill |
| 3:38 | Create | Villager (Male) |
| 4:54 | Create | Villager (Male) |
| 4:57 | Create | Villager (Male) |
| 6:47 | Create | Villager (Male) |
| 7:35 | Build | Dock |
| 9:18 | Create | Fishing Ship |
| 9:19 | Create | Fishing Ship |
| 11:22 | Research | Feudal Age |
| 12:42 | Build | Lumber Camp |
| 12:45 | Create | Villager (Male) |
| 12:46 | Create | Villager (Male) |
| 12:46 | Create | Villager (Male) |
| 12:46 | Create | Villager (Male) |
| 12:47 | Create | Villager (Male) |
| 12:47 | Create | Villager (Male) |
| 12:48 | Create | Villager (Male) |
| 12:49 | Create | Villager (Male) |
| 12:50 | Create | Villager (Male) |
| 13:32 | Age | Feudal Age |
| 13:55 | Research | Wheelbarrow |
| 13:55 | Research | Town Watch |
| 14:03 | Build | Mining Camp |
| 14:24 | Create | Villager (Male) |
| 14:31 | Build | Mining Camp |
| 15:13 | Create | Galley |
| 16:40 | Create | Galley |
| 18:06 | Create | Unit 2626 |
| 19:04 | Create | Villager (Male) |
| 19:04 | Create | Villager (Male) |
| 19:05 | Create | Villager (Male) |
| 19:05 | Create | Villager (Male) |
| 19:05 | Create | Villager (Male) |
| 19:05 | Create | Villager (Male) |
| 19:09 | Create | Villager (Male) |
| 19:55 | Build | Dock |
| 20:06 | Build | Mill |
| 21:54 | Build | Watch Tower |
Match timeline
| 5:11 | Cunctator · first_building Dock |
| 6:03 | FreakinFlavio · first_building Dock |
| 7:35 | l3sZ · first_building Dock |
| 7:49 | LANPA · first_building Dock |
| 7:58 | Cunctator · wall_segment Palisade Wall x1 |
| 11:31 | FreakinFlavio · age_up feudal |
| 11:39 | Cunctator · age_up feudal |
| 13:32 | l3sZ · age_up feudal |
| 13:48 | Cunctator · first_building Barracks |
| 15:07 | Cunctator · first_building Archery Range |
| 15:09 | FreakinFlavio · first_building Barracks |
| 16:21 | FreakinFlavio · age_up castle |
| 16:56 | LANPA · age_up feudal |
| 19:11 | Cunctator · age_up castle |
| 20:53 | FreakinFlavio · first_building Siege Workshop |
| 22:08 | LANPA · resign |
[ AI ANALYSIS · 1 CREDIT ]
What really happened in this match?
Wolo.gg analyzes every decision: build order, eco, micro, common mistakes by bracket. Personalized analysis on WhatsApp or Discord in 30 seconds.
Civ guide
Chinese
Map guide
Northern Isles
Perfil
LANPA